 Dungeon Sprint DCSS version 0.30.1-11-g7821555f0a (webtiles) character file.

Game seed: 3394865604257696382

2391 Heoruswealwe the Impaler (level 9, -2/93 HPs)
             Began as a Minotaur Fighter on Oct 29, 2023.
             Was an Initiate of Gozag.
             Slain by an efreet
             ... wielding a +2 scimitar of flaming
              (19 damage)
             ... in the Dungeon (Sprint IX: "|||||||||||||||||||||||||||||").
             The game lasted 00:04:07 (225 turns).

Heoruswealwe the Impaler (Minotaur Fighter)          Turns: 225, Time: 00:04:07

Health: -2/93      AC: 17    Str: 28    XL:     9   Next: 22%
Magic:  8/8        EV:  8    Int:  5    God:    Gozag
Gold:   432        SH:  0    Dex: 10    Spells: 8/8 levels left

rFire   . . .        b - +2 halberd (venom)
rCold   . . .        (shield currently unavailable)
rNeg    . . .        c - +0 plate armour
rPois   .            (helmet restricted)
rElec   .            h - +0 cloak
rCorr   .            (no gloves)
SInv    .            (no boots)
Will    .....        (no amulet) Stlth
                     k - +3 ring of strength
HPRegen 0.35/turn    (no ring)
MPRegen 0.11/turn

%: no teleportation
@: gold aura
A: horns 2, retaliatory headbutt
a: Renounce Religion, Potion Petition, Call Merchant, Bribe Branch


You were in the Dungeon.
You worshipped Gozag.
Gozag was aware of your devotion.
You visited 1 branch You collected 432 gold pieces.

Inventory:

Hand Weapons
 a - a +0 trident
 b - a +2 halberd of venom (weapon)
Armour
 c - a +0 plate armour (worn)
 d - a +0 buckler
 h - a +0 cloak (worn)
Jewellery
 k - a +3 ring of strength (left hand)
Wands
 l - a wand of roots (10)
Scrolls
 j - 2 scrolls of blinking
Potions
 e - 3 potions of curing
 g - a potion of haste
 i - a potion of berserk rage
 m - a potion of might


   Skills:
 + Level 13.1 Fighting
 * Level 17.6 Polearms
 + Level 13.1 Armour
 - Level 3.6 Shields


You had 8 spell levels left.
You didn't know any spells.
Your spell library was empty.

Dungeon Overview and Level Annotations

Branches:
Dungeon (1/1)

Altars:
Cheibriados
Dithmenos
Elyvilon
Fedhas
Gozag
Hepliaklqana
Kikubaaqudgha
Makhleb
Nemelex Xobeh
Okawaru
Qazlal
Ru
Sif Muna
Trog
Uskayaw
Vehumet
Wu Jian
Xom
Yredelemnul
Zin
The Shining One
Jiyva
Lugonu


Innate Abilities, Weirdness & Mutations

You have a pair of horns on your head.
You reflexively headbutt those who attack you in melee.


Message History

The slime creature hits you but does no damage.
You puncture the slime creature!
The slime creature is moderately wounded.
The basilisk is no longer distracted by gold.
The slime creature hits you.
* * * LOW HITPOINT WARNING * * *
You feel much better. The slime creature hits you!
You slash the slime creature!
The slime creature is heavily wounded.
The basilisk is engulfed in blazing flames.
The slime creature hits you but does no damage.
You slice the slime creature!!
The slime creature is almost dead.
You hit the slime creature.
You kill the slime creature!
The basilisk is engulfed in blazing flames.
Your Fighting skill increases to level 13!
Your Armour skill increases to level 13!
You slash the efreet! Your headbutt misses the efreet.
The efreet is moderately wounded.
The efreet hits you with a +2 scimitar of flaming!
* * * LOW HITPOINT WARNING * * *
The efreet burns you.
* * * LOW HITPOINT WARNING * * *
The basilisk is engulfed in blazing flames.
The basilisk dies!
You feel much better. The efreet gestures at you.
The fireball explodes!
The fireball engulfs you!!
* * * LOW HITPOINT WARNING * * *
The fireball engulfs the efreet.
The efreet completely resists.
You hit the efreet but do no damage.
The efreet is poisoned.
The efreet is moderately wounded.
You feel better. The efreet closely misses you. You furiously retaliate!
You headbutt the efreet. You hit the efreet.
The efreet is heavily wounded.
The efreet hits you with a +2 scimitar of flaming!!
You die...
Your body crumbles into a pile of gold.

▓▓▓▓▓▓▓▓▓▓▓▓▓▓▓▓▓▓▓▓▓▓▓▓
'!?)[[=...)..)..@R$.....
▓▓▓▓▓▓▓▓▓▓▓▓▓▓▓▓▓▓▓▓▓▓▓▓
$$$ $


$$$$$ $ $ $ $$$$$ You could see an efreet (poisoned).

Vanquished Creatures
  A two-headed ogre (D)
  An unseen horror (D)
  A kobold demonologist (D)
  2 trolls (D)
  A hornet (D)
  A slime creature (D)
  2 vampire mosquitoes (D)
  2 phantoms (D)
  A killer bee (D)
  A hound (D)
  2 adders (D)
  2 ball pythons (D)
  A hobgoblin (D)
  A kobold (D)
  A rat (D)
20 creatures vanquished.

Vanquished Creatures (others)
  A basilisk (D)
1 creature vanquished.

Grand Total: 21 creatures vanquished

Notes
Turn   | Place    | Note
-------+----------+-------------------------------------------
     0 | D        | Heoruswealwe the Minotaur Fighter began the quest for the
                  | Orb.
     0 | D        | Reached XP level 1. HP: 19/19 MP: 0/0
     1 | D        | Banished a spatial maelstrom
     8 | D        | Reached skill level 3 in Polearms
    25 | D        | Noticed a phantom
    25 | D        | Noticed a hound
    25 | D        | Noticed a phantom
    35 | D        | Killed a phantom
    36 | D        | Reached skill level 7 in Polearms
    36 | D        | Reached XP level 2. HP: 28/30 MP: 1/1
    36 | D        | Reached XP level 3. HP: 35/37 MP: 2/2
    36 | D        | Reached XP level 4. HP: 41/44 MP: 3/3
    45 | D        | Reached skill level 8 in Polearms
    53 | D        | Killed a phantom
    54 | D        | Reached skill level 10 in Polearms
    54 | D        | Reached XP level 5. HP: 42/53 MP: 4/4
    60 | D        | Found a snail-covered altar of Cheibriados.
    60 | D        | Found a shadowy altar of Dithmenos.
    60 | D        | Found a white marble altar of Elyvilon.
    60 | D        | Found a blossoming altar of Fedhas.
    60 | D        | Found an opulent altar of Gozag.
    61 | D        | Found a hazy altar of Hepliaklqana.
    62 | D        | Found a viscous altar of Jiyva.
    63 | D        | Found an ancient bone altar of Kikubaaqudgha.
    64 | D        | Found a corrupted altar of Lugonu.
    65 | D        | Found a burning altar of Makhleb.
    66 | D        | Found a sparkling altar of Nemelex Xobeh.
    67 | D        | Found an iron altar of Okawaru.
    68 | D        | Became a worshipper of Gozag Ym Sagoz the Greedy
    69 | D        | Found a stormy altar of Qazlal.
    70 | D        | Found a sacrificial altar of Ru.
    71 | D        | Found a shimmering blue altar of Sif Muna.
    72 | D        | Found a bloodstained altar of Trog.
    73 | D        | Found a hide-covered altar of Uskayaw.
    74 | D        | Found a radiant altar of Vehumet.
    75 | D        | Found an ornate altar of the Wu Jian Council.
    76 | D        | Found a shimmering altar of Xom.
    77 | D        | Found a basalt altar of Yredelemnul.
    78 | D        | Found a glowing silver altar of Zin.
    79 | D        | Found a glowing golden altar of the Shining One.
   133 | D        | Noticed a hornet
   133 | D        | Noticed a two-headed ogre
   133 | D        | Noticed a vampire mosquito
   133 | D        | Noticed a vampire mosquito
   133 | D        | Noticed a kobold demonologist
   139 | D        | Noticed a chaos spawn
   143 | D        | Killed a hornet
   144 | D        | Reached skill level 12 in Polearms
   144 | D        | Reached XP level 6. HP: 52/64 MP: 5/5
   148 | D        | Noticed a red devil
   150 | D        | Killed a two-headed ogre
   151 | D        | Reached skill level 14 in Polearms
   151 | D        | Reached XP level 7. HP: 61/74 MP: 6/6
   151 | D        | Reached XP level 8. HP: 68/82 MP: 7/7
   152 | D        | Reached skill level 15 in Polearms
   168 | D        | Killed a kobold demonologist
   169 | D        | Reached skill level 16 in Polearms
   195 | D        | Noticed a troll
   195 | D        | Noticed a troll
   195 | D        | Noticed a slime creature
   195 | D        | Noticed an efreet
   201 | D        | Killed a troll
   205 | D        | Killed a troll
   206 | D        | Reached XP level 9. HP: 50/92 MP: 8/8
   213 | D        | Killed an unseen horror
   214 | D        | Reached skill level 17 in Polearms
   225 | D        | Slain by an efreet

Illustrated notes

Levels and vault maps discovered:
D:        linesprint [early_d, line_temple, items_1, d_10, items_2, lair_1,
          lair_end, items_3, orc_1, orc_end, items_4, d_15, swamp_1, shoals_1,
          snake_1, spider_1, d_20, vaults_1, items_5, swamp_end, shoals_end,
          snake_end, spider_end, vaults_end, d_27, items_6, zot_1, zot_end,
          crypt_end, forest_end, elf_end, slime_end, tomb_end, abyss_end,
          pan_hell_end]

Skill      XL: |  1  2  3  4  5  6  7  8  9 |
---------------+----------------------------+-----
Polearms       | 7 10 12 14 16 17 | 17.6
Fighting       | 6 7 9 11 12 13 | 13.1
Armour         | 6 7 9 11 12 13 | 13.1
Shields        | |  3.6

Action                     |  1- 3 |  4- 6 |  7- 9 || total
---------------------------+-------+-------+-------++-------
  Melee: Trident           |    22 |    18 |       ||    40
         Headbutt          |     4 |     4 |     4 ||    12
         Halberd           |       |    15 |    37 ||    52
    Use: Potion            |       |     2 |     3 ||     5
 Armour: Scale mail        |     9 |     9 |       ||    18
         Plate armour      |       |     9 |    20 ||    29
  Dodge: Dodged            |     6 |    14 |     9 ||    29
  Block: Buckler           |     2 |       |       ||     2
